 Dungeon Crawl Stone Soup version 0.28.0-53-g5a82cb258f (webtiles) character file.

Game seed: 13967075803567122987

62 MisterFreud the Covert (level 4, -6/41 HPs)
             Began as a Gnoll Delver on June 2, 2022.
             Mangled by a scorpion (8 damage)
             ... on level 3 of the Dungeon.
             The game lasted 00:01:33 (749 turns).

MisterFreud the Covert (Gnoll Delver)                Turns: 749, Time: 00:01:33

Health: -6/41      AC:  3    Str: 11    XL:     4   Next: 8%
Magic:  5/5        EV: 13    Int: 12    God:
Gold:   56         SH:  0    Dex: 13    Spells: 5/5 levels left

rFire   . . .      SeeInvis .   i - +0 whip (elec)
rCold   . . .      Faith    .   (no shield)
rNeg    . . .      Spirit   .   b - +0 leather armour
rPois   .          Reflect  .   (no helmet)
rElec   .          Harm     .   (no cloak)
rCorr   .          Rampage  .   (no gloves)
Will    .....                   (no boots)
Stlth   ++++......              (no amulet)
HPRegen 0.13/turn               (no ring)
MPRegen 0.09/turn               (no ring)

@: lethally poisoned (-6 -> -12)
A: fangs 1, strong nose, distributed training
a: no special abilities


You were on level 3 of the Dungeon.
You visited 1 branch of the dungeon, and saw 4 of its levels.

You collected 56 gold pieces.

Inventory:

Hand Weapons
 a - a +0 short sword
 i - a +0 whip of electrocution (weapon)
Missiles
 k - 2 boomerangs (quivered)
Armour
 b - a +0 leather armour (worn)
Wands
 g - a wand of digging (3)
Scrolls
 c - a scroll of fog
 d - a scroll of magic mapping
 j - a scroll of teleportation {unknown}
Potions
 e - a potion of might {unknown}
 f - a potion of haste
 h - a potion of curing {unknown}


   Skills:
 + Level 6.5 Fighting
 + Level 4.6 Short Blades
 + Level 1.0 Long Blades
 + Level 1.0 Axes
 + Level 1.0 Maces & Flails
 + Level 1.0 Polearms
 + Level 1.0 Staves
 + Level 1.0 Slings
 + Level 1.0 Bows
 + Level 1.0 Crossbows
 + Level 1.0 Throwing
 + Level 1.0 Armour
 + Level 4.6 Dodging
 + Level 9.6 Stealth
 + Level 1.0 Shields
 + Level 1.0 Unarmed Combat
 + Level 1.0 Spellcasting
 + Level 0.7 Conjurations
 + Level 0.7 Hexes
 + Level 0.7 Summonings
 + Level 0.7 Necromancy
 + Level 0.7 Translocations
 + Level 0.7 Transmutations
 + Level 0.7 Fire Magic
 + Level 0.7 Ice Magic
 + Level 0.7 Air Magic
 + Level 0.7 Earth Magic
 + Level 0.7 Poison Magic
 + Level 1.1 Invocations
 + Level 1.0 Evocations


You had 5 spell levels left.
You didn't know any spells.
Your spell library was empty.

Dungeon Overview and Level Annotations

Branches:
Dungeon (6/15)
 Temple: D:4-7

Altars:

Annotations:
D:3 Grinder


Innate Abilities, Weirdness & Mutations

You have very sharp teeth.
Your uncanny sense of smell can sniff out nearby items.
Your experience applies equally to all skills.


Message History

A frilled lizard comes into view.
Found 13 gold pieces.
Things that are here:
a +0 dagger; an orc corpse A bat comes into view.
You hit the plant.
The plant begins to die.
Lightning courses through the plant!
The plant is lightly damaged.
The bat closely misses you. The bat hits you but does no damage.
The bat closely misses you. The bat barely misses you.
The bat completely misses you. The bat hits you but does no damage.
A nearby plant withers and dies.
The bat barely misses you. The bat barely misses you.
The bat barely misses you.
You miss the bat.
You hear the rusting of a very distant drain.
The bat closely misses you.
You closely miss the bat. Your punch misses the bat. The bat barely misses you.
You hit the bat but do no damage. Lightning courses through the bat!
You kill the bat!
No target in view!
A scorpion comes into view.
You closely miss the scorpion.
You bite the scorpion, but do no damage.
The scorpion stings you.
You are poisoned.
The scorpion poisons you!
You hit the scorpion but do no damage.
You feel very sick. The scorpion stings you! The scorpion stings you.
You closely miss the scorpion.
* * * LOW HITPOINT WARNING * * *
You feel very sick. The scorpion stings you!
* * * LOW HITPOINT WARNING * * *
You barely miss the scorpion.
* * * LOW HITPOINT WARNING * * *
You feel sick. The scorpion stings you!
You die...

♣ ∆ P♣ ♣. .... .. ♣♣
♣♣ ♣♣∆ ♣.P..
♣.♣.♣♣.♣P♣♣♣♣....≈.♣≈♣
♣...PP♣P♣.♣...≈.≈.≈≈≈≈
♣...♣...♣....♣♣≈≈♣≈≈♣
♣.s@.....♣≈♣≈≈≈≈.≈.$
♣.P♣.♣......≈♣≈≈≈§≈≈♣
PP.♣
♣♣P.♣..♣...≈P♣§≈♣≈ ♣♣♣
♣♣.♣...♣.≈§§≈♣≈♣P ∆
♣♣♣.♣....§§...≈♣
♣P♣P♣.♣.....♣♣
..♣♣.♣....♣.P♣
P.♣♣.♣...♣PP♣.. ♣♣
♣♣♣...♣♣♣♣♣♣


You could see a scorpion.

Vanquished Creatures
  A jelly (D:3)
  A hound skeleton (D:4)
  An adder skeleton (D:4)
  A dart slug (D:4)
  3 orcs (D:3)
  A giant cockroach (D:4)
  A hobgoblin (D:4)
  A quokka (D:5)
  A bat (D:3)
  A frilled lizard (D:3)
  2 kobolds
14 creatures vanquished.

Vanquished Creatures (others)
  10 plants (D:3)
10 creatures vanquished.

Grand Total: 24 creatures vanquished

Notes
Turn   | Place    | Note
-------+----------+-------------------------------------------
     0 | D:5      | Reached skill level 9 in Stealth
     0 | D:5      | MisterFreud the Gnoll Delver began the quest for the Orb.
     0 | D:5      | Reached XP level 1. HP: 23/23 MP: 1/1
     1 | D:6      | Noticed a water moccasin
   340 | D:4      | Reached XP level 2. HP: 17/29 MP: 2/2
   576 | D:4      | Reached XP level 3. HP: 35/35 MP: 3/3
   584 | D:3      | Noticed Grinder
   688 | D:3      | Reached skill level 1 in Long Blades
   688 | D:3      | Reached skill level 1 in Axes
   688 | D:3      | Reached skill level 1 in Maces & Flails
   688 | D:3      | Reached skill level 1 in Polearms
   688 | D:3      | Reached skill level 1 in Staves
   688 | D:3      | Reached skill level 1 in Slings
   688 | D:3      | Reached skill level 1 in Bows
   688 | D:3      | Reached skill level 1 in Crossbows
   688 | D:3      | Reached skill level 1 in Throwing
   688 | D:3      | Reached skill level 1 in Armour
   688 | D:3      | Reached skill level 1 in Shields
   688 | D:3      | Reached skill level 1 in Unarmed Combat
   688 | D:3      | Reached skill level 1 in Spellcasting
   688 | D:3      | Reached skill level 1 in Invocations
   688 | D:3      | Reached skill level 1 in Evocations
   688 | D:3      | Reached XP level 4. HP: 24/41 MP: 3/5
   742 | D:3      | Noticed a scorpion
   749 | D:3      | HP: 2/41 [poisoned by a scorpion]
   749 | D:3      | Mangled by a scorpion

Illustrated notes

Levels and vault maps discovered:
D:3:      wad_woods_pond, layout_basic, gammafunk_temple_overflow_elements,
          gup_sewer_entry_spiral, uniq_grinder, uniq_jessica,
          uniq_crazy_yiuf_cottage
D:4:      layout_basic, old_standard_altar, marbit_many_paths
D:5:      layout_layer_cave
D:6:      layout_basic, nicolae_overflow_hidden_temple, serial_glass,
          glass_columns_a, glass_columns_c, minmay_strange_pillars

Skill      XL: |  1  2  3 |
---------------+----------+-----
Stealth        | |  9.6
Long Blades    | 1 |  1.0
Axes           | 1 |  1.0
Maces & Flails | 1 |  1.0
Polearms       | 1 |  1.0
Staves         | 1 |  1.0
Slings         | 1 |  1.0
Bows           | 1 |  1.0
Crossbows      | 1 |  1.0
Throwing       | 1 |  1.0
Armour         | 1 |  1.0
Shields        | 1 |  1.0
Unarmed Combat | 1 |  1.0
Spellcasting   | 1 |  1.0
Invocations    | 1 |  1.1
Evocations     | 1 |  1.0
Fighting       | |  6.5
Short Blades   | |  4.6
Dodging        | |  4.6
Conjurations   | |  0.7
Hexes          | |  0.7
Summonings     | |  0.7
Necromancy     | |  0.7
Translocations | |  0.7
Transmutations | |  0.7
Fire Magic     | |  0.7
Ice Magic      | |  0.7
Air Magic      | |  0.7
Earth Magic    | |  0.7
Poison Magic   | |  0.7

Action                   |  1- 3 |  4- 6 || total
-------------------------+-------+-------++-------
Melee: Short sword       |    26 |       ||    26
       Bite              |     5 |     1 ||     6
       Whip              |    21 |     8 ||    29
  Use: Scroll            |     1 |       ||     1
 Stab: Distracted        |     1 |       ||     1
       Sleeping          |     2 |       ||     2
Armor: Leather armour    |     5 |     2 ||     7
Dodge: Dodged            |    24 |     9 ||    33
